 Dungeon Crawl Stone Soup version bcrawl-1.13 (webtiles) character file.

Game seed: 6221188052254870736

7 Camlann the Sneak (level 1, -2/16 HPs)
             Began as a Demonspawn Archaeologist on July 28, 2019.
             Slain by a worm (5 damage)
             ... on level 1 of the Dungeon.
             The game lasted 00:00:18 (91 turns).

Camlann the Sneak (Demonspawn Archaeologist)          Turns: 91, Time: 00:00:18

Health: -2/16      AC:  6    Str: 11    XL:     1   Next: 91%
Magic:  1/1        EV: 12    Int: 15    God:
Gold:   0          SH:  0    Dex: 11    Spells: 0/0 levels left

rFire    . . .     SeeInvis .   a - +0 whip
rCold    . . .     Gourm    .   (no shield)
rNeg     . . .     Faith    .   b - +1 robe
rPois    .         Spirit   .   c - +1 hat
rElec    .         Reflect  .   (no cloak)
rCorr    .         Harm     .   (no gloves)
MR       .....                  d - +1 pair of boots
Stlth    ++........             (no amulet)
HPRegen  0.05/turn              (no ring)
MPRegen  0.07/turn              (no ring)

@: no status effects
A: no striking features
a: no special abilities


You were on level 1 of the Dungeon.
You were not hungry.

You visited 1 branch of the dungeon, and saw 1 of its levels.


   Skills:
 + Level 2.0 Fighting
 - Level 0.8 Maces & Flails
 - Level 2.6 Dodging
 - Level 3.0 Stealth


You couldn't memorise any spells.
You didn't know any spells.
Your spell library was empty.

Dungeon Overview and Level Annotations

Branches:
Dungeon (1/12)

Altars:

Inventory:

Hand Weapons
 a - a +0 whip (weapon)
Armour
 b - a +1 robe (worn)
 c - a +1 hat (worn)
 d - a +1 pair of boots (worn)
Miscellaneous
 e - a dusty tome
 f - an ancient crate
Comestibles
 g - a ration {!d}

,,,,,,,,,,,,,#............##
,,,,,,,,,,,,,*.###.........##
,,,,,,,,,,,,**,* #.....\....#
,,,,**,,,,,,,,,* #..........#
**,,,**,*,,,****##.....<....#*
**,*,,,,,,*** ##............#
*,,**,*,.,* ###..#..}...}...#
*,*,..#*#.####..(............#
,,,,...##.....)#6#...........#
,,,,*........###w##.........##
,,,,###....#..##g############
,,,,,...........w..#
,,,,####..###.##.#.#
,,,,...............#************
,,,,..........$#..###...,,,,,,,*
,*,,..........##...>....,,,,,,,*
,,,,...$.....w#..###....,,,,,,,*


You could see a worm, a dart slug and a hobgoblin.


Message History

The rat bites you but does no damage.
You barely miss the rat.
The rat is severely wounded.
The bat hits you. The rat barely misses you.
You hit the rat.
You kill the rat!
The bat barely misses you. The bat hits you but does no damage.
The bat closely misses you. The bat hits you but does no damage. x2
A hobgoblin comes into view.
The bat hits you but does no damage. The bat closely misses you.
The hobgoblin shouts!
The bat closely misses you. The bat barely misses you.
You hit the bat.
You kill the bat!
A worm comes into view.
A kobold comes into view.
A goblin comes into view. It is wielding a +0 club.
A hobgoblin comes into view. It is wielding a +0 club.
A dart slug comes into view.
You barely miss the hobgoblin.
The hobgoblin hits you but does no damage.
You closely miss the hobgoblin.
The hobgoblin shouts!
The goblin shouts!
The hobgoblin hits you.
You completely miss the hobgoblin.
The kobold shouts!
The hobgoblin hits you.
You barely miss the hobgoblin. The hobgoblin barely misses you.
You closely miss the hobgoblin. The hobgoblin barely misses you.
You barely miss the hobgoblin. You hit the hobgoblin but do no damage.
The hobgoblin barely misses you.
The hobgoblin hits you but does no damage.
You hit the hobgoblin but do no damage. The hobgoblin hits you with a +0 club.
* * * LOW HITPOINT WARNING * * *
The goblin barely misses you. The hobgoblin barely misses you.
You are too injured to fight recklessly!
You are too injured to fight recklessly!
You are too injured to fight recklessly!
You are too injured to fight recklessly!
You are too injured to fight recklessly!
You are too injured to fight recklessly!
You are too injured to fight recklessly!
You aren't carrying any potions.
As you read the scroll labeled MODE JUELUVUY, it crumbles to dust.
You feel aware of your surroundings.
It was a scroll of magic mapping.
The hobgoblin hits you with a +0 club.
* * * LOW HITPOINT WARNING * * *
You hit the hobgoblin.
The hobgoblin is almost dead.
The hobgoblin barely misses you.
You barely miss the hobgoblin.
The hobgoblin is almost dead.
The hobgoblin closely misses you.
You hit the hobgoblin.
You kill the hobgoblin!
You barely miss the goblin. The goblin hits you but does no damage.
You hit the goblin.
You kill the goblin!
Your Fighting skill increases to level 2!
You hit the kobold but do no damage. The kobold barely misses you.
You barely miss the kobold. The kobold closely misses you.
You hit the kobold.
You kill the kobold!
You hit the worm but do no damage. You hit the worm.
The worm is moderately wounded.
The worm bites you.
You die...

Action                   || total
-------------------------++-------
Melee: Whip              ||    41
  Use: Scroll            ||     1
Armor: Robe              ||    14
Dodge: Dodged            ||    30

Levels and vault maps discovered:
D:1:      wander_arrival_desolate, layout_rooms

Notes
Turn   | Place    | Note
-------+----------+-------------------------------------------
     0 | D:1      | Camlann the Demonspawn Archaeologist began the quest for
                  | the Orb.
     0 | D:1      | Reached XP level 1. HP: 15/15 MP: 1/1
    81 | D:1      | HP: 3/15 [hobgoblin/+0 club (5)]
    86 | D:1      | Reached skill level 2 in Fighting
    91 | D:1      | Slain by a worm

Vanquished Creatures
  A bat (D:1)
  A goblin (D:1)
  A hobgoblin (D:1)
  A frilled lizard (D:1)
  3 kobolds (D:1)
  A rat (D:1)
8 creatures vanquished.
